Map: Para Site LE

Players

Lambo - Winner!

  • Race: Zerg Zerg
  • League: Grandmaster
  • Spawn Location: 5:00

SpaceMarine

  • Race: Protoss Protoss
  • League: Grandmaster
  • Spawn Location: 11:00

VOD

Have the link to the VOD?

Description

Time

  • Played on: Jan. 10, 2019, 4:53 p.m.
  • Length: 21:01
Show
View Real Time Build Order
Export as new Build Order

Lambo Zerg - Winner!

Build Orders: Hatch First, Roach Hydra 

Get SALT Encoding   

  12  0:02  Drone  
  13  0:12  Overlord  
  13  0:17  Drone  
  14  0:31  Drone x2  
  16  0:47  Hatchery  
  15  0:52  Drone  
  17  0:57  Drone  
  17  0:59  Drone  
  18  1:11  Extractor  
  17  1:14  Spawning Pool  
  17  1:16  Drone  
  17  1:19  Drone  
  18  1:28  Drone  
  19  1:39  Drone  
  20  1:51  Overlord  
  20  2:00  Queen x2  
  25  2:01  Zergling x4  
  26  2:10  Metabolic Boost  
  26  2:12  Drone x2  
  28  2:24  Drone x2  
  30  2:36  Hatchery  
  29  2:42  Drone x2  
  29  2:43  Drone  
  32  2:46  Overlord  
  32  2:54  Queen  
  32  2:57  Drone  
  35  3:00  Drone  
  35  3:06  Drone  
  35  3:10  Drone x3  
  39  3:14  Overlord  
  39  3:18  Drone  
  40  3:20  Overlord  
  40  3:22  Drone  
  40  3:23  Drone  
  42  3:32  Drone  
  43  3:34  Queen  
  43  3:37  Drone  
  43  3:39  Drone x2  
  48  3:42  Drone x2  
  48  3:43  Drone  
  48  3:45  Lair  
  48  3:47  Drone  
  52  3:49  Drone  
  52  3:53  Drone  
  52  3:55  Roach Warren  
  53  3:58  Extractor x2  
  53  4:00  Drone x2  
  53  4:04  Overlord  
  53  4:05  Drone x2  
  53  4:09  Drone  
  57  4:10  Drone  
  57  4:15  Queen  
  60  4:17  Drone  
  60  4:23  Drone x3  
  63  4:24  Overlord  
  63  4:28  Zergling x4  
  63  4:31  Zergling x2  
  66  4:34  Zergling x2  
  66  4:36  Zergling x2  
  66  4:37  Zergling x4  
  69  4:42  Overseer  
  69  4:45  Spore Crawler x2  
  68  4:46  Overlord, Drone  
  68  4:49  Roach x4  
  68  4:51  Glial Reconstitution  
  76  4:54  Overlord  
  76  4:59  Overlord  
  76  5:00  Roach  
  76  5:05  Roach x3  
  76  5:06  Zergling x2  
  76  5:16  Drone x6  
  76  5:20  Spore Crawler  
  81  5:23  Drone  
  81  5:26  Drone  
  81  5:28  Queen, Hydralisk Den  
  82  5:30  Queen  
  82  5:32  Drone  
  82  5:33  Drone  
  88  5:36  Drone  
  88  5:38  Drone  
  88  5:39  Drone x2  
  88  5:42  Extractor, Drone  
  92  5:44  Spore Crawler  
  92  5:45  Spore Crawler, Drone  
  91  5:50  Drone  
  91  5:51  Drone  
  91  5:52  Drone  
  91  5:53  Drone x3  
  91  5:55  Overlord  
  91  5:57  Extractor  
  96  5:59  Extractor  
  96  6:00  Drone x2  
  97  6:06  Spore Crawler  
  97  6:08  Overlord  
  97  6:10  Grooved Spines  
  96  6:14  Queen  
  96  6:16  Roach x3  
  104  6:23  Overlord  
  104  6:26  Overlord, Evolution Chamber  
  104  6:27  Baneling Nest  
  104  6:28  Overlord  
  104  6:32  Roach x2  
  108  6:33  Roach x2  
  108  6:34  Overlord  
  108  6:36  Roach  
  108  6:39  Overlord  
  108  6:52  Hydralisk x7  
  118  6:59  Overlord  
  116  7:04  Hydralisk x4  
  116  7:07  Zerg Missile Weapons Level 1  
  120  7:11  Hydralisk  
  120  7:15  Hydralisk  
  122  7:17  Spore Crawler  
  122  7:22  Muscular Augments, Hydralisk x2  
  119  7:27  Drone  
  119  7:28  Drone  
  120  7:32  Drone x7  
  127  7:39  Drone  
  127  7:40  Drone  
  127  7:42  Hydralisk  
  127  7:43  Spore Crawler  
  129  7:47  Spore Crawler  
  129  7:48  Centrifical Hooks  
  129  7:49  Hydralisk x2  
  125  7:53  Queen  
  125  7:55  Hydralisk  
  125  7:57  Overlord x2  
  125  8:04  Hydralisk x2  
  128  8:08  Hydralisk  
  130  8:13  Drone  
  130  8:14  Drone x4  
  130  8:16  Drone  
  130  8:18  Hydralisk x2  
  140  8:22  Hydralisk  
  140  8:25  Drone x2  
  140  8:28  Hydralisk x2  
  144  8:34  Zergling x10  
  144  8:37  Baneling x3  
  149  8:43  Zergling x8  
  149  8:52  Hydralisk x4  
  143  8:56  Hydralisk  
  143  9:00  Hydralisk  
  132  9:07  Hydralisk  
  132  9:08  Zergling x10  
  130  9:12  Hydralisk  
  130  9:16  Drone x5  
  115  9:23  Hydralisk x2  
  117  9:31  Hydralisk x2  
  117  9:36  Hydralisk  
  123  9:40  Queen  
  123  9:42  Hydralisk  
  123  9:45  Overlord  
  127  9:49  Hydralisk  
  127  9:54  Hydralisk x2  
  129  10:03  Hydralisk x3  
  129  10:06  Baneling x4  
  133  10:12  Hydralisk x2  
  137  10:14  Hydralisk  
  137  10:16  Baneling  
  137  10:20  Hydralisk  
  131  10:29  Hydralisk x2  
  131  10:33  Hydralisk x2  
  117  10:37  Queen  
  117  10:40  Spore Crawler x2  
  117  10:41  Hydralisk  
  109  10:44  Zergling x6  
  109  10:46  Hydralisk  
  109  10:49  Hydralisk  
  98  10:53  Hydralisk  
  98  10:54  Spore Crawler  
  98  10:56  Hydralisk  
  93  11:04  Infestation Pit  
  93  11:05  Hydralisk x2  
  93  11:09  Spore Crawler  
  95  11:11  Baneling x2  
  95  11:12  Baneling x2  
  95  11:13  Baneling  
  95  11:17  Hydralisk  
  97  11:23  Hydralisk  
  97  11:24  Hydralisk  
  101  11:27  Zergling x6  
  101  11:31  Drone  
  101  11:32  Drone  
  106  11:38  Drone  
  107  11:40  Infestor x2  
  107  11:49  Infestor  
  107  11:50  Zergling x2  
  107  11:51  Zergling x8  
  107  11:52  Baneling x2  
  107  11:55  Drone  
  107  11:56  Drone  
  109  12:04  Zergling x8  
  110  12:09  Hydralisk  
  110  12:13  Hydralisk  
  109  12:20  Baneling x9  
  109  12:22  Hydralisk  
  109  12:28  Hydralisk  
  109  12:29  Zergling x2  
  110  12:35  Drone x2  
  110  12:36  Drone x2  
  112  12:40  Baneling x2  
  112  12:42  Infestor  
  114  12:44  Hydralisk  
  114  12:48  Hydralisk  
  118  12:52  Drone x2  
  118  12:54  Zergling x2  
  118  12:56  Baneling x3  
  121  12:59  Hydralisk  
  121  13:05  Hydralisk  
  123  13:10  Hydralisk x2  
  129  13:18  Hydralisk  
  123  13:27  Hydralisk x3  
  121  13:37  Hydralisk x3  
  119  13:41  Infestor  
  119  13:43  Drone  
  121  13:50  Overlord  
  121  13:52  Drone  
  122  13:59  Pathogen Glands  
  121  14:11  Zerg Missile Weapons Level 2  
  121  14:15  Drone x2  
  123  14:18  Drone  
  123  14:20  Drone  
  125  14:24  Drone  
  125  14:27  Drone  
  125  14:30  Drone  
  128  14:33  Drone  
  128  14:34  Drone  
  130  14:41  Burrow  
  130  14:45  Overlord  
  130  14:49  Overlord  
  130  14:55  Neural Parasite  
  130  15:07  Hatchery  
  130  15:10  Infestor  
  131  15:15  Infestor  
  125  15:25  Infestor  
  125  15:27  Drone  
  125  15:28  Drone  
  129  15:32  Drone  
  130  15:38  Overseer  
  130  15:41  Infestor  
  132  15:47  Infestor  
  134  15:54  Infestor  
  136  16:02  Infestor  
  138  16:09  Overlord  
  138  16:21  Drone x2  
  138  16:22  Drone x4  
  144  16:30  Overseer  
  144  16:35  Infestor x2  
  144  16:38  Infestor  
  150  16:45  Drone x2  
  152  16:52  Overlord  
  152  16:55  Infestor x7  
  152  16:56  Infestor x5  
  152  17:12  Infestor x4  
  160  17:22  Overlord  
  160  17:24  Overlord  
  160  17:25  Extractor  
  160  17:26  Extractor  
  158  17:33  Overlord  
  158  17:45  Infestor x5  
  158  17:46  Infestor x2  
  158  17:47  Overlord  
  158  17:48  Drone  
  158  17:49  Infestor x24  
  158  17:51  Drone  
  174  17:53  Drone  
  175  17:58  Infestor  
  174  18:18  Hydralisk x4  
  169  18:42  Infestor  
  170  19:05  Drone x3  
  170  19:16  Drone x11  
  181  19:28  Infestor x3  
  181  19:31  Overseer  
  185  19:40  Hydralisk  
  185  19:49  Infestor x23  
  164  20:01  Hydralisk x4  
  172  20:07  Spine Crawler  
  172  20:08  Drone x2  
  172  20:10  Hydralisk  
  175  20:19  Hatchery  
  168  20:34  Hydralisk x4  
Show
View Real Time Build Order
Export as new Build Order

SpaceMarine Protoss 

Build Orders: 1 Gate Expand, Carriers, Mass Phoenix 

Get SALT Encoding   

  12  0:00  Probe  
  13  0:12  Probe  
  14  0:18  Pylon  
  14  0:24  Probe  
  15  0:34  Probe  
  15  0:38  Gateway  
  16  0:43  Probe  
  16  0:44  Assimilator  
  17  0:51  Probe  
  18  1:03  Probe  
  19  1:15  Probe  
  20  1:24  Nexus  
  20  1:33  Cybernetics Core  
  20  1:35  Probe  
  21  1:47  Assimilator  
  21  1:48  Probe  
  21  1:52  Pylon  
  22  1:59  Probe  
  23  2:07  Adept, Probe  
  23  2:11  Warp Gate  
  26  2:15  Probe  
  26  2:22  Twilight Council  
  27  2:26  Probe  
  27  2:28  Adept  
  28  2:32  Probe  
  31  2:38  Probe  
  31  2:40  Probe  
  32  2:50  Probe x2  
  34  2:55  Sentry  
  37  3:02  Probe x2  
  37  3:03  Resonating Glaives  
  39  3:14  Probe x2  
  41  3:24  Probe, Gateway  
  41  3:26  Gateway  
  41  3:27  Probe  
  43  3:32  Probe, Assimilator  
  43  3:34  Pylon  
  43  3:37  Stargate  
  43  3:39  Probe  
  43  3:41  Probe, Assimilator  
  46  3:52  Probe  
  46  3:53  Probe  
  46  3:55  Pylon  
  48  4:01  Stargate  
  48  4:04  Probe  
  48  4:05  Probe  
  50  4:11  Oracle  
  50  4:16  Probe  
  51  4:19  Pylon  
  51  4:20  Adept  
  51  4:21  Adept x2  
  60  4:37  Phoenix  
  60  4:40  Phoenix  
  60  4:41  Nexus  
  60  4:43  Pylon  
  62  4:50  Probe x2  
  66  4:59  Phoenix  
  66  5:00  Phoenix  
  60  5:20  Probe x2  
  62  5:22  Adept x3  
  62  5:24  Phoenix  
  62  5:25  Phoenix  
  62  5:26  Pylon  
  70  5:29  Pylon  
  70  5:34  Probe  
  73  5:37  Protoss Air Weapons Level 1  
  73  5:42  Probe  
  74  5:45  Adept x3  
  74  5:48  Probe  
  74  5:49  Phoenix  
  81  5:51  Phoenix  
  81  5:54  Probe  
  81  5:55  Probe  
  87  6:08  Probe x2  
  87  6:10  Phoenix  
  89  6:14  Phoenix  
  93  6:22  Probe  
  94  6:26  Probe  
  94  6:27  Phoenix  
  95  6:33  Assimilator  
  95  6:34  Adept  
  95  6:35  Assimilator  
  95  6:36  Pylon  
  99  6:42  Phoenix  
  97  6:47  Probe  
  90  6:56  Phoenix  
  90  7:05  Probe  
  90  7:07  Adept x3, Phoenix  
  99  7:12  Gateway  
  99  7:13  Gateway  
  99  7:15  Gateway  
  99  7:17  Gateway, Phoenix  
  99  7:18  Gateway  
  101  7:24  Phoenix  
  101  7:30  Adept x3  
  101  7:36  Phoenix, Pylon  
  109  7:39  Pylon  
  109  7:40  Pylon  
  111  7:45  Phoenix  
  111  7:54  Phoenix  
  111  8:02  Adept x3, Phoenix  
  119  8:11  Phoenix, Pylon  
  119  8:12  Adept x3, Pylon  
  125  8:13  Adept  
  125  8:18  Phoenix  
  131  8:29  Adept  
  131  8:30  Adept x3  
  131  8:31  Phoenix  
  143  8:42  Phoenix  
  131  8:56  Phoenix  
  125  9:05  Phoenix  
  111  9:15  Phoenix  
  94  9:20  Adept  
  94  9:21  Adept x7  
  94  9:22  Phoenix  
  114  9:36  Phoenix  
  114  9:38  Probe x2  
  116  9:44  Phoenix  
  116  9:45  Adept x7  
  126  9:46  Adept  
  136  9:54  Phoenix  
  136  10:02  Phoenix  
  138  10:08  Adept x4  
  148  10:15  Adept x2  
  148  10:16  Phoenix  
  113  10:36  Adept x3  
  113  10:37  Adept x2  
  110  10:49  Probe  
  99  10:51  Probe  
  99  10:52  Probe  
  94  10:57  Probe  
  94  11:00  Phoenix  
  94  11:03  Adept x4, Probe, Phoenix  
  104  11:05  Probe  
  109  11:22  Phoenix  
  111  11:27  Phoenix  
  111  11:47  Phoenix  
  111  11:52  Phoenix  
  111  11:57  Adept x8  
  129  12:04  Phoenix  
  127  12:12  Phoenix  
  127  12:15  Nexus  
  119  12:34  Phoenix  
  117  12:40  Adept x6  
  129  12:46  Probe x2, Templar Archives  
  129  12:47  Probe  
  132  12:55  Pylon  
  132  12:56  Probe x2  
  132  13:00  Probe  
  132  13:04  Probe  
  136  13:14  Psionic Storm  
  136  13:15  Adept  
  100  13:42  High Templar x8  
  114  13:49  Archon x2  
  114  13:50  Probe  
  114  13:51  Probe x3  
  114  13:53  Charge  
  118  14:04  Pylon  
  118  14:08  Pylon  
  118  14:09  Shield Battery  
  118  14:15  High Templar x3  
  124  14:17  Zealot x5  
  124  14:19  Archon  
  134  14:33  Probe x3  
  137  14:38  Assimilator x2  
  137  14:42  Probe  
  137  14:44  Fleet Beacon  
  138  14:50  Probe  
  139  14:53  Probe x2  
  141  15:09  Pylon  
  141  15:11  Zealot x4  
  141  15:12  Zealot x2  
  141  15:13  Carrier x2  
  141  15:14  Protoss Air Weapons Level 2  
  153  15:36  High Templar x4  
  153  15:38  Zealot x4  
  153  15:40  Archon x2  
  169  15:52  Stargate  
  169  15:59  Nexus, High Templar  
  169  16:00  High Templar  
  173  16:05  Pylon  
  173  16:08  Pylon  
  173  16:09  Carrier  
  179  16:22  Carrier  
  179  16:23  Assimilator  
  179  16:24  Zealot x4  
  179  16:25  Zealot  
  189  16:28  Assimilator  
  189  16:30  Forge  
  189  16:38  Robotics Facility  
  195  16:42  Carrier  
  198  17:15  Protoss Ground Weapons Level 1  
  198  17:17  Photon Cannon  
  198  17:18  Photon Cannon  
  198  17:20  Protoss Air Weapons Level 3  
  198  17:27  Observer  
  198  17:31  Probe  
  167  18:43  Oracle x3  
  167  18:47  Zealot x7  
  167  18:48  Zealot  
  178  18:56  Observer  
  178  19:09  Gateway  
  179  19:10  Carrier x2  
  179  19:12  Gateway  
  179  19:14  Gateway, Archon  
  179  19:15  Observer  
  176  19:26  Carrier  
  176  19:28  High Templar x3  
  196  19:36  Observer  
  185  19:43  Zealot x4  
  185  19:44  Zealot  
  133  20:01  Zealot  
  133  20:02  Zealot x2  
  115  20:14  Zealot  
  115  20:15  Zealot x7  
  135  20:30  Archon  
  135  20:31  Zealot  
  135  20:32  Zealot x2  
  140  20:36  High Templar  
  140  20:37  High Templar x4  
  146  20:42  Archon  
  146  20:43  Archon  
  146  20:44  Zealot  
Tags
 
Add a new tag
Caveats
  • Supply blocks, unpowered buildings, or Contaminate may cause inaccurate times.
  • Supply counts are checked every 10 seconds.